[Event "CCT Chessable Masters D-III 2024"]
[Site "Online"]
[Date "2024.02.02"]
[Round "2"]
[White "ViIIagra"]
[Black "youngKID"]
[Result "0-1"]
[ECO "D00"]
[WhiteElo "2603"]
[BlackElo "2579"]
[Annotator "ChessBase"]
[PlyCount "72"]
[EventDate "2024.01.12"]
[EventType "k.o."]
[EventCountry "NET"]
[SourceTitle "playchess.com"]
[Source "ChessBase"]
[SourceQuality "1"]
[TimeControl "600+2"]

1. d4 Nf6 2. Bg5 d5 3. Bxf6 exf6 4. e3 Bd6 5. c4 dxc4 6. Bxc4 O-O 7. Nc3 c6 8. Nge2 Nd7 9. Qc2 f5 10. Bd3 g6 11. h4 Nf6 12. h5 Nxh5 13. O-O-O Nf6 14. Kb1 Qe7 15. g3 a6 16. Nf4 b5 17. e4 b4 18. e5 bxc3 19. Qxc3 Bc7 20. Qxc6 Rb8 21. exf6 Qb4 22. b3 Bxf4 23. Rxh7 Kxh7 24. Qh1+ Kg8 25. gxf4 Qxd4 26. Qh4 Rb6 27. Rh1 Qxd3+ 28. Kb2 Qd4+ 29. Kb1 Qe4+ 30. Kb2 Qxh1 31. Qxh1 Rxf6 32. Qd5 Re6 33. a4 Re2+ 34. Kc3 Rxf2 35. Qc6 Rxf4 36. b4 Re4 0-1

[Event "CCT Chessable Masters D-III 2024"]
[Site "Online"]
[Date "2024.02.02"]
[Round "2"]
[White "Indjic, Aleksandar"]
[Black "MashaPutina"]
[Result "0-1"]
[ECO "E29"]
[WhiteElo "2595"]
[BlackElo "2651"]
[Annotator "TA"]
[PlyCount "96"]
[EventDate "2024.01.12"]
[EventType "k.o."]
[EventCountry "NET"]
[SourceTitle "playchess.com"]
[Source "ChessBase"]
[SourceQuality "1"]
[TimeControl "600+2"]

1. d4 Nf6 2. c4 e6 3. Nc3 Bb4 4. e3 O-O 5. Bd3 c5 6. a3 Bxc3+ 7. bxc3 Nc6 8. Nf3 d6 9. e4 e5 10. d5 Ne7 11. Nh4 Ng6 12. Nf5 Nf4 13. Bxf4 (13. O-O $11 {remains equal.}) 13... exf4 $17 14. Qf3 {[%emt 0:00:00] [#]} Bxf5 (14... g6 $1 $17 15. Nh6+ Kg7 16. Qxf4 Nh5) 15. exf5 $15 Qa5 {[%emt 0:01:17] Prevents a4.} 16. Kd2 {[%emt 0:00:02][%cal Oa3a4] [#]} b5 $1 17. Qxf4 (17. cxb5 c4 18. Bc2 (18. Bxc4 $2 Rac8 $19) 18... Qxb5 $17) 17... bxc4 (17... Rfe8 $15 {might be stronger.}) 18. Qxc4 $11 Rfe8 19. Rhe1 Rxe1 20. Rxe1 Qxa3 21. g4 h6 (21... Nd7 {simplifies} 22. Bc2 Nb6 23. Qe4 Rf8) 22. h4 Re8 {[%emt 0:00:58] Threatens to win with ...Qb2+.} (22... Qb2+ 23. Bc2 Nd7 24. Qe4 (24. Qb3 Qxb3 25. Bxb3 Kf8 $11)) 23. Rxe8+ Nxe8 {[%emt 0:00:02][%mdl 4096] Endgame. KQB-KQN} 24. g5 Qb2+ 25. Bc2 hxg5 26. hxg5 Kf8 27. Qa4 Qb7 28. Be4 Ke7 29. Ke3 Kd8 30. f4 a6 31. Kf3 Qb5 32. Qa1 a5 33. Kg3 c4 $1 34. Bf3 Nc7 35. Qa3 (35. Qe1 $11) 35... Qc5 36. Qb2 (36. Qxc5 dxc5 37. Be2 a4 38. Bxc4 Ne8 $17) 36... a4 (36... Nxd5 $6 37. Qb8+ Kd7 38. Bxd5 Qxd5 39. Qa7+ Kc8 40. Qa6+ Kc7 41. Qa7+ Kc8 42. Qa6+ Kd7 43. Qa7+ Kc8 $11) (36... Qg1+ $17 37. Kh3 Qa7) 37. Qb8+ Ke7 {[%emt 0:00:01][%cal Oa4a3] ...a3! would now be deadly.} 38. f6+ gxf6 39. gxf6+ Kxf6 {[%emt 0:00:01][%cal Of6e7] Hoping for ...Ke7!} 40. Qh8+ $2 (40. Qd8+ $11 {and White stays safe.} Kg7 41. f5) 40... Ke7 $19 {[%emt 0:00:02] ...Qg1+ is the strong threat.} 41. Qh4+ {[%emt 0:00:01] [#]} f6 $1 42. Qh7+ Kd8 43. Bg4 (43. Qf5 $19 Qg1+ 44. Kh3 Qf1+ 45. Kg3) 43... Qg1+ ({Stronger than} 43... Nxd5 44. Qd7#) 44. Kf3 Qd1+ (44... Nxd5 45. Qd7#) 45. Kg3 Qd3+ {[%emt 0:00:01] Black mates.} ({Not} 45... Qxd5 46. Qd7#) 46. Qxd3 cxd3 47. Bd1 a3 48. Bb3 d2 {[%emt 0:00:01] Weighted Error Value: White=0.55/Black=0.08 (flawless) .  Loses game:     	White=1     	---        Mistake:       	White=3     	Black=3      Inaccurate:     	White=1     	Black=1      OK:         	White=8     	Black=12     Best:        	White=3     	Black=4      Strong:       	---       	Black=2      Brilliant:      	---       	Black=1} 0-1

[Event "CCT Chessable Masters D-III 2024"]
[Site "Online"]
[Date "2024.02.02"]
[Round "2"]
[White "Lysyj, Igor"]
[Black "Matlakov, Maxim"]
[Result "1-0"]
[ECO "E05"]
[WhiteElo "2589"]
[BlackElo "2662"]
[Annotator "TA"]
[PlyCount "89"]
[EventDate "2024.01.12"]
[EventType "k.o."]
[EventCountry "NET"]
[SourceTitle "playchess.com"]
[Source "ChessBase"]
[SourceQuality "1"]
[TimeControl "600+2"]

1. d4 Nf6 2. c4 e6 3. Nf3 d5 4. g3 Be7 5. Bg2 O-O 6. O-O dxc4 7. Qa4 a6 8. Qxc4 b5 9. Qc2 Bb7 10. Bf4 Nc6 11. Nc3 Nb4 12. Qc1 c5 13. dxc5 Bxc5 14. a3 Nbd5 {[%emt 0:02:22] The position is equal.} 15. Nxd5 Qxd5 16. Ne1 Ne4 17. Be3 (17. Bxe4 $2 Qxe4 18. Nf3 Qxe2 $19) 17... Rac8 18. Bxc5 (18. Bxe4 $2 Qxe4 19. Nf3 Be7 $19 (19... Bxa3 $2 20. Qb1 $19)) 18... Qxc5 19. Nd3 (19. Bxe4 {simplifies} Qxc1 20. Rxc1 Bxe4 21. Ng2) 19... Qb6 20. Qe3 (20. Qf4 $5) 20... Qxe3 21. fxe3 Rc2 22. Rfe1 Rfc8 23. a4 Bd5 24. a5 (24. axb5 $11 axb5 25. Ra5) 24... Nc5 (24... Kf8 $17) 25. Nb4 Rxb2 26. Nxd5 exd5 27. Rac1 Kf8 28. Red1 Rc7 (28... Rxe2 29. Rxd5 Rxe3 30. Rcxc5 (30. Rdxc5 Re1+ 31. Rxe1 Rxc5 $18) 30... Rxc5 31. Rxc5 $18) (28... Rb4 $1 $15 29. Bxd5 Ra4) 29. Rxd5 $11 Ne6 30. Rxc7 Nxc7 {[%emt 0:00:00][%mdl 4096] Endgame. KRB-KRN} 31. Rd7 Rc2 32. Be4 (32. Kf2 $11) 32... Rc1+ ({Black should play} 32... Rc4 $1 $15 33. Bd3 Rc1+ 34. Kg2 Ke8) 33. Kf2 Rc5 34. h4 b4 35. g4 (35. Bd3 $11 {remains equal.}) 35... b3 $17 (35... Ke8 36. Rd4 $11) 36. Rd8+ Ke7 37. Rb8 Nb5 (37... Rxa5 38. Rxb3 h5 39. g5 $16) 38. Rb7+ {[%emt 0:00:06] [#]} Kd6 ({Better is} 38... Rc7 $1 $17 {[%cal Rc7b7] aiming for ...Rxb7.} 39. Rb6 (39. Rxc7+ $2 Nxc7 40. g5 Nb5 $19) 39... b2 40. Rxa6 Nc3) 39. Rb6+ $11 Ke5 40. Bd3 b2 41. Rxa6 Nc3 42. Ra7 (42. Rb6 Rxa5 43. Rb3 Nd1+ 44. Ke1 Nxe3 $11 (44... Ra1 45. Kd2 $11)) 42... Rd5 {[%emt 0:00:08][%cal Od5d3] [#] And now ...Rxd3! would win.} ({Of course not} 42... b1=B 43. Rxf7 Bxd3 44. exd3 $16) 43. Rb7 Rxa5 44. Rxf7 {[%emt 0:00:05] Rf5+ would now be deadly.} h6 $2 (44... b1=R $2 {loses.} 45. Rf5+ Ke6 46. Rxa5 $18) (44... g6 $11 45. Re7+ Kd5) 45. Rf5+ {[%emt 0:00:03] Weighted Error Value: White=0.16 (very precise) /Black=0.19 (very precise) .  Loses game:     	---       	Black=1      Mistake:       	White=3     	Black=4      Inaccurate:     	White=4     	Black=1      OK:         	White=12    	Black=11     Best:        	White=7     	Black=3} ({Worse is} 45. Rxg7 b1=Q 46. Bxb1 Nxb1 $11) 1-0

[Event "CCT Chessable Masters D-III 2024"]
[Site "Online"]
[Date "2024.02.02"]
[Round "2"]
[White "stSecond"]
[Black "Santos Latasa, Jaime"]
[Result "0-1"]
[ECO "E18"]
[WhiteElo "2570"]
[BlackElo "2615"]
[Annotator "ChessBase"]
[PlyCount "62"]
[EventDate "2024.01.12"]
[EventType "k.o."]
[EventCountry "NET"]
[SourceTitle "playchess.com"]
[Source "ChessBase"]
[SourceQuality "1"]
[TimeControl "600+2"]

1. d4 Nf6 2. c4 e6 3. Nf3 d5 4. g3 Bb4+ 5. Bd2 Be7 6. Bg2 c6 7. O-O Nbd7 8. Bf4 b6 9. Nc3 Bb7 10. Rc1 O-O 11. cxd5 exd5 12. Ne5 Re8 13. e3 Nf8 14. h4 Ne6 15. Qa4 b5 16. Qb3 a5 17. Ne2 Qb6 18. Bh3 Bf8 19. Qc2 b4 20. Qf5 c5 21. dxc5 Nxc5 22. Qc2 Ne6 23. Rfd1 Rac8 24. Qa4 Nc5 25. Qc2 Ne6 26. Qf5 Rxc1 27. Rxc1 Bc8 28. Rc6 Qb7 29. Kh2 Nxf4 30. Rxc8 Qxc8 31. Qxf4 Qc7 0-1

[Event "CCT Chessable Masters D-III 2024"]
[Site "Online"]
[Date "2024.02.02"]
[Round "2"]
[White "youngKID"]
[Black "ViIIagra"]
[Result "1-0"]
[ECO "B17"]
[WhiteElo "2570"]
[BlackElo "2612"]
[Annotator "ChessBase"]
[PlyCount "93"]
[EventDate "2024.01.12"]
[EventType "k.o."]
[EventCountry "NET"]
[SourceTitle "playchess.com"]
[Source "ChessBase"]
[SourceQuality "1"]
[TimeControl "600+2"]

1. e4 c6 2. Nc3 d5 3. d4 dxe4 4. Nxe4 Nd7 5. Nf3 Ngf6 6. Nxf6+ Nxf6 7. c3 Bg4 8. Be2 e6 9. O-O Bd6 10. Ne5 Bxe2 11. Qxe2 Nd7 12. Nxd7 Qxd7 13. c4 O-O 14. Be3 Qc7 15. g3 Qa5 16. Rfd1 Qf5 17. d5 exd5 18. cxd5 c5 19. Rac1 b6 20. a4 Rfe8 21. Rc4 h5 22. Kg2 Re4 23. Qd3 Rae8 24. Bf4 Rxf4 25. gxf4 Qg4+ 26. Kh1 Bxf4 27. d6 g6 28. d7 Rd8 29. h3 Qg5 30. Re4 Kg7 31. Qc3+ f6 32. Re8 Bc7 33. Qc4 Qf5 34. Qg8+ Kh6 35. Qb3 Rxd7 36. Rxd7 Qxd7 37. Qe3+ g5 38. Re7 Qd6 39. Kg2 Qd5+ 40. Kg1 Be5 41. Qe2 a5 42. Re8 Qd7 43. Rh8+ Kg7 44. Qxh5 Qf5 45. Qh6+ Kf7 46. Qf8+ Ke6 47. Qc8+ 1-0

[Event "CCT Chessable Masters D-III 2024"]
[Site "Online"]
[Date "2024.02.02"]
[Round "2"]
[White "kpio91"]
[Black "Sarana, Alexey"]
[Result "0-1"]
[ECO "B22"]
[WhiteElo "2445"]
[BlackElo "2695"]
[Annotator "NA"]
[PlyCount "90"]
[EventDate "2024.01.12"]
[EventType "k.o."]
[EventCountry "NET"]
[SourceTitle "playchess.com"]
[Source "ChessBase"]
[SourceQuality "1"]
[TimeControl "600+2"]

1. e4 c5 2. c3 d5 3. exd5 Qxd5 4. d4 Nf6 5. Nf3 e6 6. Na3 Nc6 7. Be3 a6 8. Nc4 cxd4 9. Nxd4 Bc5 10. Nxc6 Qxc6 11. Ne5 Qe4 12. Nc4 O-O 13. Qd3 Qc6 14. Bxc5 Qxc5 15. Qd6 Qxd6 16. Nxd6 Rd8 17. Rd1 Kf8 18. Be2 Ke7 19. Nxc8+ Raxc8 20. Bf3 b5 21. Ke2 Nd7 22. Be4 Nb6 23. Rxd8 Rxd8 24. b3 Nd7 25. Rc1 Rc8 26. Kd2 f5 27. Bf3 g5 28. Be2 e5 29. f3 Nb6 30. Bd3 Kf6 31. c4 bxc4 32. bxc4 Na4 33. Rb1 Rd8 34. Kc2 Rd6 35. Rb8 Nc5 36. Be2 e4 37. fxe4 Nxe4 38. Bd3 Nc5 39. Be2 Ke5 40. Bf3 Ne4 41. Re8+ Kd4 42. Rf8 g4 43. Be2 Ke3 44. Bf1 Rd2+ 45. Kb3 Rf2 0-1

[Event "CCT Chessable Masters D-III 2024"]
[Site "Online"]
[Date "2024.02.03"]
[Round "3"]
[White "Sarana, Alexey"]
[Black "Matlakov, Maxim"]
[Result "1/2-1/2"]
[ECO "E06"]
[WhiteElo "2695"]
[BlackElo "2662"]
[Annotator "TA"]
[PlyCount "64"]
[EventDate "2024.01.12"]
[EventType "k.o."]
[EventCountry "NET"]
[SourceTitle "playchess.com"]
[Source "ChessBase"]
[SourceQuality "1"]
[TimeControl "600+2"]

1. d4 Nf6 2. c4 e6 3. Nf3 d5 4. Nc3 Be7 5. g3 O-O 6. Bg2 dxc4 7. Ne5 Nc6 8. Bxc6 ({Much weaker is} 8. Nxc4 Qxd4 (8... Nxd4 9. Bf4 $11) 9. Qb3 Qc5 $17) 8... bxc6 9. Nxc6 {[%emt 0:00:00] A dynamic duo of knights.} Qe8 10. Nxe7+ Qxe7 11. Qa4 Nd5 12. Qxc4 a5 13. f3 Ba6 {[%emt 0:00:10] The position is equal.} 14. Qc5 Qxc5 15. dxc5 Nxc3 16. bxc3 e5 17. Kf2 Rfd8 18. Rb1 f6 19. Be3 Kf7 20. Rhc1 Bc4 21. Rb7 Rdc8 22. Rc2 Ke6 23. a3 Kd5 24. h4 Kc6 25. Rb1 Rab8 26. Rcb2 Rxb2 27. Rxb2 $11 {[%emt 0:00:00][%mdl 4096] Endgame. KRB-KRB} Rd8 28. Ke1 {[%emt 0:00:01] Dodges Rd1+} h5 29. Rb1 Ba2 30. Rb2 Bc4 31. Rb1 Ba2 32. Rb2 Bc4 {[%emt 0:00:02] Not much happened in this game.   Weighted Error Value: White=0.04 (flawless) /Black=0.02 (flawless) .  Inaccurate:     	White=1     	---        OK:         	White=11    	Black=10     Best:        	---       	Black=1} 1/2-1/2

[Event "CCT Chessable Masters D-III 2024"]
[Site "Online"]
[Date "2024.02.03"]
[Round "3"]
[White "Sarana, Alexey"]
[Black "Matlakov, Maxim"]
[Result "1-0"]
[ECO "E00"]
[WhiteElo "2695"]
[BlackElo "2662"]
[Annotator "ChessBase"]
[PlyCount "75"]
[EventDate "2024.01.12"]
[EventType "k.o."]
[EventCountry "NET"]
[SourceTitle "playchess.com"]
[Source "ChessBase"]
[SourceQuality "1"]
[TimeControl "600+2"]

1. d4 Nf6 2. c4 e6 3. Bg5 Bb4+ 4. Nd2 h6 5. Bxf6 Qxf6 6. a3 Bxd2+ 7. Qxd2 d6 8. e3 O-O 9. Bd3 e5 10. Ne2 Re8 11. O-O Nc6 12. d5 Nb8 13. Ng3 Nd7 14. Bc2 Nf8 15. b4 Qe7 16. Qc3 g6 17. a4 h5 18. Ne2 a5 19. bxa5 Nd7 20. Nc1 h4 21. h3 Qg5 22. Kh2 e4 23. Ne2 Nc5 24. Nd4 Qe5+ 25. Kh1 Bd7 26. f4 exf3 27. Rxf3 Re7 28. Re1 Rae8 29. Qd2 Qg5 30. Rf4 Qxf4 31. exf4 Rxe1+ 32. Kh2 Rf1 33. Nf3 Ra1 34. f5 Ne4 35. Bxe4 Rxe4 36. fxg6 fxg6 37. Qg5 Kh7 38. Qf6 1-0

[Event "CCT Chessable Masters D-III 2024"]
[Site "Online"]
[Date "2024.02.03"]
[Round "3"]
[White "Matlakov, Maxim"]
[Black "Sarana, Alexey"]
[Result "0-1"]
[ECO "E08"]
[WhiteElo "2662"]
[BlackElo "2695"]
[Annotator "ChessBase"]
[PlyCount "64"]
[EventDate "2024.01.12"]
[EventType "k.o."]
[EventCountry "NET"]
[SourceTitle "playchess.com"]
[Source "ChessBase"]
[SourceQuality "1"]
[TimeControl "600+2"]

1. d4 Nf6 2. c4 e6 3. Nf3 d5 4. g3 Bb4+ 5. Bd2 Be7 6. Bg2 O-O 7. O-O c6 8. Qc2 Nbd7 9. Bf4 a5 10. Rd1 Nh5 11. Bc1 b5 12. Ne5 Bb7 13. Nxd7 Qxd7 14. c5 g5 15. Nd2 Bd8 16. Nf3 f6 17. e4 Qf7 18. Re1 Bc7 19. exd5 exd5 20. Bxg5 fxg5 21. Nxg5 Qf5 22. Qxf5 Rxf5 23. f4 Bd8 24. Bh3 Rf8 25. Nf3 Bc8 26. Be6+ Kg7 27. Bxc8 Rxc8 28. Re5 Nf6 29. Ng5 Nd7 30. Re6 Bxg5 31. fxg5 Rfe8 32. Rae1 Kf7 0-1

[Event "CCT Chessable Masters D-III 2024"]
[Site "Online"]
[Date "2024.02.03"]
[Round "3"]
[White "Matlakov, Maxim"]
[Black "Sarana, Alexey"]
[Result "1/2-1/2"]
[ECO "E08"]
[WhiteElo "2662"]
[BlackElo "2695"]
[Annotator "ChessBase"]
[PlyCount "80"]
[EventDate "2024.01.12"]
[EventType "k.o."]
[EventCountry "NET"]
[SourceTitle "playchess.com"]
[Source "ChessBase"]
[SourceQuality "1"]
[TimeControl "600+2"]

1. d4 Nf6 2. c4 e6 3. Nf3 d5 4. g3 Bb4+ 5. Bd2 Be7 6. Bg2 O-O 7. O-O c6 8. Qc2 Nbd7 9. Bf4 a5 10. Rd1 Nh5 11. Bc1 b5 12. Ne5 Bb7 13. Nxd7 Qxd7 14. c5 g5 15. Nd2 Bd8 16. Nf3 f6 17. e4 Qf7 18. Re1 Bc7 19. h3 Qg6 20. Bd2 Rae8 21. Rac1 Ng7 22. a3 h6 23. b4 a4 24. Re2 Bc8 25. Rce1 Bd7 26. Qd1 Bd8 27. Re3 Bc7 28. Bf1 f5 29. exd5 exd5 30. Ne5 Bxe5 31. Rxe5 Rxe5 32. Rxe5 Re8 33. Qe1 Qf6 34. Bd3 Rxe5 35. dxe5 Qf7 36. f4 Qh5 37. Kg2 Be6 38. Qe2 g4 39. h4 Qe8 40. Qf2 Qd7 1/2-1/2

[Event "CCT Chessable Masters D-III 2024"]
[Site "Online"]
[Date "2024.02.03"]
[Round "3"]
[White "Paravyan, David"]
[Black "youngKID"]
[Result "1-0"]
[ECO "C67"]
[WhiteElo "2612"]
[BlackElo "2588"]
[Annotator "ChessBase"]
[PlyCount "145"]
[EventDate "2024.01.12"]
[EventType "k.o."]
[EventCountry "NET"]
[SourceTitle "playchess.com"]
[Source "ChessBase"]
[SourceQuality "1"]
[TimeControl "600+2"]

1. e4 e5 2. Nf3 Nc6 3. Bb5 Nf6 4. O-O Nxe4 5. Re1 Nd6 6. Nxe5 Be7 7. Bf1 Nxe5 8. Rxe5 O-O 9. d4 Bf6 10. Re2 Nf5 11. c3 d5 12. Nd2 Nd6 13. Re1 Bf5 14. Nf3 Re8 15. Bf4 Rxe1 16. Qxe1 Qe7 17. Be5 Re8 18. Bxd6 cxd6 19. Bb5 Qxe1+ 20. Nxe1 Re7 21. Bd3 Bd7 22. Nc2 h5 23. Ne3 Bc6 24. Be2 Bg5 25. Bxh5 Bxe3 26. fxe3 Rxe3 27. Kf2 Re6 28. Bf3 g5 29. a4 f5 30. h3 Re7 31. b4 a6 32. Be2 Rc7 33. b5 axb5 34. axb5 Bd7 35. Ra7 Bc8 36. Bf3 Rxc3 37. Bxd5+ Kg7 38. b6 Rc2+ 39. Kg1 Kf6 40. Bxb7 Bxb7 41. Rxb7 Rb2 42. Rb8 Kg7 43. d5 g4 44. hxg4 fxg4 45. g3 Kf6 46. b7 Kg7 47. Kf1 Kh7 48. Ke1 Kg7 49. Kd1 Kh7 50. Kc1 Rb5 51. Kc2 Kg7 52. Kc3 Kh7 53. Kc4 Rb1 54. Kd4 Rb4+ 55. Kc3 Rb5 56. Kc4 Rb1 57. Rd8 Rxb7 58. Rxd6 Ra7 59. Rb6 Kg7 60. Rb3 Kf6 61. Re3 Rc7+ 62. Kb5 Rc1 63. d6 Rd1 64. Kc6 Rc1+ 65. Kb7 Rb1+ 66. Kc7 Rc1+ 67. Kd8 Rc4 68. d7 Kf7 69. Rd3 Kf8 70. Ra3 Kf7 71. Ra7 Rc3 72. Rc7 Rxg3 73. Kc8 1-0

[Event "CCT Chessable Masters D-III 2024"]
[Site "Online"]
[Date "2024.02.03"]
[Round "3"]
[White "Safarli, Eltaj"]
[Black "Indjic, Aleksandar"]
[Result "1-0"]
[ECO "C42"]
[WhiteElo "2604"]
[BlackElo "2595"]
[Annotator "ChessBase"]
[PlyCount "77"]
[EventDate "2024.01.12"]
[EventType "k.o."]
[EventCountry "NET"]
[SourceTitle "playchess.com"]
[Source "ChessBase"]
[SourceQuality "1"]
[TimeControl "600+2"]

1. e4 e5 2. Nf3 Nf6 3. Nxe5 d6 4. Nf3 Nxe4 5. d4 d5 6. Bd3 Bd6 7. O-O O-O 8. c4 c6 9. Nc3 Nxc3 10. bxc3 dxc4 11. Bxc4 Bg4 12. h3 Bh5 13. g4 Bg6 14. Ne5 b5 15. Bb3 Nd7 16. Nxg6 hxg6 17. Qf3 Qc7 18. Re1 c5 19. Bxf7+ Kh8 20. Qg2 cxd4 21. cxd4 Bb4 22. Rd1 Bc3 23. Rb1 b4 24. Bxg6 Qd6 25. Bf5 g6 26. Bxd7 Qxd7 27. Bf4 Rae8 28. Be5+ Kg8 29. a3 a5 30. axb4 axb4 31. Qg3 Rf7 32. Rd3 Ref8 33. Qh4 Rh7 34. Qg5 Qe6 35. f4 Qa6 36. f5 Re8 37. fxg6 Rd7 38. Rxc3 bxc3 39. Qh6 1-0

[Event "CCT Chessable Masters D-III 2024"]
[Site "Online"]
[Date "2024.02.03"]
[Round "3"]
[White "Indjic, Aleksandar"]
[Black "Safarli, Eltaj"]
[Result "0-1"]
[ECO "A48"]
[WhiteElo "2595"]
[BlackElo "2604"]
[Annotator "ChessBase"]
[PlyCount "98"]
[EventDate "2024.01.12"]
[EventType "k.o."]
[EventCountry "NET"]
[SourceTitle "playchess.com"]
[Source "ChessBase"]
[SourceQuality "1"]
[TimeControl "600+2"]

1. d4 Nf6 2. Bg5 g6 3. Nf3 Bg7 4. Nbd2 O-O 5. c3 d6 6. e4 c5 7. d5 e6 8. Bc4 h6 9. Bxf6 Qxf6 10. dxe6 Bxe6 11. Bxe6 Qxe6 12. O-O Nc6 13. Re1 b5 14. Qc2 Rab8 15. Nf1 Rfe8 16. N3d2 d5 17. exd5 Qxd5 18. Rxe8+ Rxe8 19. Ne3 Qe6 20. a4 b4 21. Ndc4 bxc3 22. bxc3 Ne5 23. Nxe5 Bxe5 24. g3 h5 25. Qd3 h4 26. Nd5 Bb8 27. c4 h3 28. Kf1 Kg7 29. Rb1 Bd6 30. f4 Qe4 31. Qxe4 Rxe4 32. Rc1 g5 33. fxg5 Kg6 34. Kf2 Kxg5 35. Kf3 f5 36. Rc2 Re1 37. Rb2 Be5 38. Rb7 Bd4 39. Rb8 Rf1+ 40. Ke2 Rf2+ 41. Kd3 Rxh2 42. Rg8+ Kh6 43. Nf4 Be5 44. Rg6+ Kh7 45. Rg5 Bxf4 46. gxf4 Rh1 47. Rxf5 h2 48. Rh5+ Kg6 49. Rh4 Rd1+ 0-1

[Event "CCT Chessable Masters D-III 2024"]
[Site "Online"]
[Date "2024.02.03"]
[Round "3"]
[White "youngKID"]
[Black "Paravyan, David"]
[Result "1/2-1/2"]
[ECO "C43"]
[WhiteElo "2581"]
[BlackElo "2612"]
[Annotator "ChessBase"]
[PlyCount "119"]
[EventDate "2024.01.12"]
[EventType "k.o."]
[EventCountry "NET"]
[SourceTitle "playchess.com"]
[Source "ChessBase"]
[SourceQuality "1"]
[TimeControl "600+2"]

1. e4 e5 2. Nf3 Nf6 3. d4 Nxe4 4. dxe5 Bc5 5. Qd5 Bxf2+ 6. Ke2 f5 7. Nc3 c6 8. Nxe4 cxd5 9. Nd6+ Kf8 10. Kxf2 Nc6 11. Be3 d4 12. Bf4 b5 13. Bd3 Qb6 14. Bxf5 g6 15. Bh6+ Ke7 16. Bg5+ Kf8 17. Bh6+ Ke7 18. Bg5+ Kf8 19. Be4 Nxe5 20. Nxc8 Ng4+ 21. Kg3 Rxc8 22. Kxg4 Qe6+ 23. Kg3 h6 24. Rhf1 Kg7 25. Bf4 Qxe4 26. Rae1 Qxc2 27. Be5+ Kg8 28. Nxd4 Qxb2 29. Rf6 Qc3+ 30. Nf3 Qd3 31. Rd6 Qc2 32. Bxh8 Kxh8 33. Rxd7 a5 34. Ree7 g5 35. h3 Qf5 36. Rf7 Qb1 37. Kh2 Qb2 38. Rh7+ Kg8 39. Rhe7 Qf6 40. Re4 Rf8 41. Red4 Rf7 42. Rd8+ Kg7 43. R8d6 Qf5 44. R6d5 Qe6 45. Re5 Qf6 46. Rxb5 a4 47. Rbd5 a3 48. Rd6 Qf5 49. Ra6 Qc5 50. Rdd6 Rxf3 51. gxf3 Qf2+ 52. Kh1 Qxf3+ 53. Kh2 Qf2+ 54. Kh1 Qf1+ 55. Kh2 Qe2+ 56. Kg1 Qe3+ 57. Kg2 Qe2+ 58. Kg1 Qe1+ 59. Kg2 Qe2+ 60. Kg1 1/2-1/2

[Event "CCT Chessable Masters D-III 2024"]
[Site "Online"]
[Date "2024.02.04"]
[Round "4"]
[White "Grischuk, Alexander"]
[Black "Safarli, Eltaj"]
[Result "1/2-1/2"]
[ECO "E48"]
[WhiteElo "2732"]
[BlackElo "2604"]
[Annotator "ChessBase"]
[PlyCount "98"]
[EventDate "2024.01.12"]
[EventType "k.o."]
[EventCountry "NET"]
[SourceTitle "playchess.com"]
[Source "ChessBase"]
[SourceQuality "1"]
[TimeControl "600+2"]

1. d4 Nf6 2. c4 e6 3. Nc3 Bb4 4. e3 O-O 5. Bd3 d5 6. cxd5 exd5 7. a3 Bd6 8. Qc2 c5 9. dxc5 Bxc5 10. h3 Nc6 11. Nf3 h6 12. b4 Bb6 13. Ne2 d4 14. e4 Bd7 15. O-O Rc8 16. Qb1 Re8 17. Bb2 Ne5 18. Nxe5 Rxe5 19. Bxd4 Bxd4 20. Nxd4 Bxh3 21. Nf3 Rh5 22. Rd1 Bg4 23. e5 Nd7 24. Bh7+ Kh8 25. Be4 Qe7 26. Re1 Nxe5 27. Nxe5 Rxe5 28. Bd3 Rxe1+ 29. Qxe1 Qxe1+ 30. Rxe1 Be6 31. f4 Kg8 32. f5 Bd5 33. Re5 Rd8 34. Be4 Bxe4 35. Rxe4 Kf8 36. a4 Rd5 37. g4 h5 38. gxh5 Rxf5 39. Rc4 Rxh5 40. Rc8+ Ke7 41. Rc7+ Ke6 42. Rxb7 a5 43. Rb6+ Ke7 44. Rb7+ Kd6 45. bxa5 Rxa5 46. Rxf7 Rxa4 47. Rxg7 Re4 48. Kg2 Re7 49. Rxe7 Kxe7 1/2-1/2

[Event "CCT Chessable Masters D-III 2024"]
[Site "Online"]
[Date "2024.02.04"]
[Round "4"]
[White "Sarana, Alexey"]
[Black "Paravyan, David"]
[Result "1-0"]
[ECO "D28"]
[WhiteElo "2695"]
[BlackElo "2612"]
[Annotator "ChessBase"]
[PlyCount "119"]
[EventDate "2024.01.12"]
[EventType "k.o."]
[EventCountry "NET"]
[SourceTitle "playchess.com"]
[Source "ChessBase"]
[SourceQuality "1"]
[TimeControl "600+2"]

1. d4 d5 2. c4 dxc4 3. Nf3 Nf6 4. e3 e6 5. Bxc4 c5 6. O-O Nc6 7. Nc3 a6 8. Qe2 b5 9. Bb3 Bb7 10. dxc5 Bxc5 11. e4 Nd4 12. Nxd4 Bxd4 13. e5 Nd5 14. Nxd5 Bxd5 15. Rd1 Bxb3 16. axb3 Qb6 17. Kh1 O-O 18. Bg5 Qc5 19. f4 f6 20. exf6 Bxf6 21. Qxe6+ Kh8 22. Bxf6 Rxf6 23. Qe5 Qb4 24. h3 Raf8 25. Rd7 a5 26. Qe7 Qxe7 27. Rxe7 Rxf4 28. Rxa5 R4f5 29. Rb7 h6 30. Kh2 Rg5 31. Raxb5 Rxb5 32. Rxb5 Rf2 33. Re5 Rxb2 34. Re3 Kg8 35. Kg3 Kf7 36. Kf3 h5 37. g3 g5 38. Ke4 Ke6 39. Kd4+ Kd6 40. g4 hxg4 41. hxg4 Rd2+ 42. Ke4 Ke6 43. b4 Rf2 44. Kd4+ Kd6 45. Re4 Rc2 46. Re5 Rb2 47. Rb5 Rb1 48. Ke4 Kc6 49. Rxg5 Rxb4+ 50. Kf5 Kd7 51. Kf6 Rf4+ 52. Kg7 Ke7 53. Rg6 Ra4 54. g5 Rg4 55. Kg8 Rg1 56. Kh7 Kf7 57. Rf6+ Ke7 58. Kg6 Rg2 59. Rf3 Rg1 60. Kh6 1-0

[Event "CCT Chessable Masters D-III 2024"]
[Site "Online"]
[Date "2024.02.04"]
[Round "4"]
[White "Paravyan, David"]
[Black "Sarana, Alexey"]
[Result "0-1"]
[ECO "B47"]
[WhiteElo "2612"]
[BlackElo "2695"]
[Annotator "ChessBase"]
[PlyCount "102"]
[EventDate "2024.01.12"]
[EventType "k.o."]
[EventCountry "NET"]
[SourceTitle "playchess.com"]
[Source "ChessBase"]
[SourceQuality "1"]
[TimeControl "600+2"]

1. e4 c5 2. Nf3 e6 3. d4 cxd4 4. Nxd4 Nc6 5. Nc3 a6 6. Be2 Qc7 7. Nxc6 bxc6 8. Qd4 Nf6 9. e5 Nd5 10. O-O Bb7 11. Nxd5 cxd5 12. Be3 Be7 13. c3 O-O 14. a4 d6 15. Bf4 f6 16. exd6 Bxd6 17. Bxd6 Qxd6 18. a5 e5 19. Qd2 Rad8 20. Rfd1 f5 21. Ra4 Qc5 22. Rb4 Rf7 23. Qe3 d4 24. Bc4 Kf8 25. Qh3 Bd5 26. Bxd5 Qxd5 27. Qxh7 d3 28. Rb6 e4 29. Rxa6 d2 30. Qh8+ Ke7 31. Qh4+ Ke8 32. h3 f4 33. c4 Qd7 34. c5 Qd5 35. Qh8+ Ke7 36. Qh4+ Ke8 37. Qg4 Kf8 38. b4 e3 39. fxe3 fxe3 40. Re6 Qb3 41. Re4 Rf2 42. Kh2 Kg8 43. Qg5 Rdf8 44. Rg4 R2f7 45. Qh5 Qxd1 46. Rxg7+ Rxg7 47. Qxd1 Rd8 48. c6 e2 49. Qb3+ Kh8 50. c7 Rxc7 51. Qb2+ Rg7 0-1